 Dungeon Crawl Stone Soup version 0.28-a0-863-g8cecda6153 (webtiles) character file.

Game seed: 9122001023206187087

308 patchburns1 the Slasher (level 6, -1/47 HPs)
             Began as a Demonspawn Gladiator on Nov 20, 2021.
             Killed from afar by an orc wizard (7 damage)
             ... with a puff of flame
             ... on level 3 of the Dungeon.
             The game lasted 00:07:52 (2053 turns).

patchburns1 the Slasher (Demonspawn Gladiator)      Turns: 2053, Time: 00:07:53

Health: -1/47      AC:  6    Str: 16    XL:     6   Next: 17%
Magic:  6/6        EV: 12    Int: 10    God:
Gold:   54         SH:  0    Dex: 14    Spells: 5/5 levels left

rFire   . . .      SeeInvis .   g - +2 dagger (elec)
rCold   . . .      Faith    .   m - +0 buckler
rNeg    . . .      Spirit   .   b - +0 leather armour
rPois   .          Reflect  .   c - +0 helmet
rElec   .          Harm     .   (no cloak)
rCorr   .          Rampage  .   (no gloves)
Will    .....                   (no boots)
Stlth   +.........              (no amulet)
HPRegen 0.15/turn               (no ring)
MPRegen 0.10/turn               (no ring)

@: confused
A: yellow scales 1, spiny 1
a: no special abilities


You were on level 3 of the Dungeon.
You visited 1 branch of the dungeon, and saw 3 of its levels.

You collected 54 gold pieces.

Inventory:

Hand Weapons
 a - a +0 long sword
 g - a +2 dagger of electrocution (weapon)
 t - a +0 scythe
Missiles
 d - 3 throwing nets (quivered)
 h - 29 sling bullets
 j - 59 stones
 k - 63 arrows
 n - 4 datura-tipped darts
Armour
 b - a +0 leather armour (worn)
 c - a +0 helmet (worn)
 m - a +0 buckler (worn)
Jewellery
 p - a ring of see invisible
Wands
 s - a wand of mindburst (8)
Scrolls
 f - 3 scrolls of teleportation {unknown}
 i - a scroll of blinking {unknown}
 l - a scroll of acquirement {unknown}
 o - a scroll of immolation {unknown}
 q - a scroll of amnesia {unknown}
 r - a scroll of fear {unknown}
Potions
 e - 2 potions of heal wounds {unknown}


   Skills:
 * Level 3.6 Fighting
 * Level 3.9 Long Blades
 + Level 2.6 Throwing
 + Level 1.5 Armour
 + Level 3.4 Dodging
 + Level 1.3 Shields


You had 5 spell levels left.
You didn't know any spells.
Your spell library contained the following spells:

 Spells                   Type           Power      Damage    Failure   Level
 Sandblast                Erth           0%         2d4       54%         1
 Passwall                 Tmut/Erth      0%         N/A       69%         2
 Stone Arrow              Conj/Erth      0%         3d7       89%         3


Dungeon Overview and Level Annotations

Branches:
Dungeon (3/15)

Altars:
Kikubaaqudgha
Vehumet


Innate Abilities, Weirdness & Mutations

You are partially covered in yellow scales. (AC +2)
You are partially covered in sharp spines.


Message History

You hear a shout!
A magic dart appears from out of thin air!
The magic dart hits something.
You hear a shout!
A puff of flame appears from out of thin air!
The puff of flame misses you.
A magic dart appears from out of thin air!
The magic dart hits you!
* * * LOW HITPOINT WARNING * * *
A puff of flame appears from out of thin air!
The puff of flame hits you!
* * * LOW HITPOINT WARNING * * *
Aiming: Mindburst
Press: ? - help, Shift-Dir - straight line, f - orc wizard
Aim: an orc wizard, wielding a +0 dagger and wearing a +0 robe (lightly wounded, chance to affect: 65%)
The orc wizard struggles to resist.
Aiming: Mindburst
Press: ? - help, Shift-Dir - straight line, f/p - orc wizard
Aim: an orc wizard, wielding a +0 dagger and wearing a +0 robe (lightly wounded, chance to affect: 65%)
The orc wizard's mind is blasted!
Throw: 60 stones
Press: ? - help, Shift-Dir - straight line, f/p - orc wizard
Aim: an orc wizard, wielding a +0 dagger and wearing a +0 robe (almost dead, 53% to hit)
You throw a stone.
The stone hits the orc wizard but does no damage.
The orc wizard is almost dead.
You hit the orc wizard.
You kill the orc wizard!
The orc wizard mumbles some strange words.
The orc wizard flickers and vanishes!
A puff of flame appears from out of thin air!
The puff of flame hits something!
Reactivating autopickup.
You feel a bit more experienced.
Deactivating autopickup; reactivate with Ctrl-A.
You are confused.
You bump into the rock wall.
A puff of flame appears from out of thin air!
The puff of flame hits you!
You die...

#############.#..#
_.#._.# #....#
..#..)# ##.#o#
'###'## #.#{#
......# ### #.#)#
.⌠....# ..# #.#.#
⌠....## #.# #{#)#
.⌠..## #.# #.#.#
...#######.###.#@#
.###......{....#.#
......†....#####.#
.###.†[..........#
## ###############


You could see an orc wizard.

Vanquished Creatures
  Sigmund (D:3)
  3 orc wizards (D:3)
  3 adders
  2 dart slugs
  8 ball pythons
  2 endoplasms
  3 giant cockroaches
  2 goblins (D:1)
  3 hobgoblins
  4 kobolds
  A quokka (D:1)
  4 bats
  7 frilled lizards
  5 rats
48 creatures vanquished.

Vanquished Creatures (others)
  An orc wizard (D:3)
  2 fungi (D:2)
  9 plants
12 creatures vanquished.

Grand Total: 60 creatures vanquished

Notes
Turn   | Place    | Note
-------+----------+-------------------------------------------
     0 | D:1      | patchburns1 the Demonspawn Gladiator began the quest for
                  | the Orb.
     0 | D:1      | Reached XP level 1. HP: 16/16 MP: 1/1
   161 | D:1      | Gained mutation: You are partially covered in yellow
                  | scales. (AC +2) [demonic ancestry]
   161 | D:1      | Reached XP level 2. HP: 22/22 MP: 2/2
   876 | D:2      | Reached XP level 3. HP: 11/28 MP: 3/3
  1194 | D:2      | Found a faded altar of an unknown god.
  1942 | D:3      | Gained mutation: You are partially covered in sharp spines.
                  | [demonic ancestry]
  1942 | D:3      | Reached XP level 4. HP: 34/34 MP: 4/4
  1967 | D:3      | Noticed Sigmund
  1974 | D:3      | Killed Sigmund
  1975 | D:3      | Reached skill level 1 in Armour
  1975 | D:3      | Reached skill level 1 in Shields
  1975 | D:3      | Reached XP level 5. HP: 33/41 MP: 5/5
  1993 | D:3      | Found a radiant altar of Vehumet.
  2003 | D:3      | Found an ancient bone altar of Kikubaaqudgha.
  2012 | D:3      | Reached XP level 6. HP: 20/47 MP: 6/6
  2053 | D:3      | Killed from afar by an orc wizard

Illustrated notes

Levels and vault maps discovered:
D:1:      mrwooster_arrival_statue_3, layout_loops_ring
D:2:      layout_loops_ring, shapermc_ecumenical_altar_gd, minmay_tiny_reverse_x
D:3:      layout_loops_ring, palyth_temple_overflow_mages, minmay_lizard_king,
          uniq_sigmund

Skill      XL: |  1  2  3  4 |
---------------+-------------+-----
Throwing       | 2 |  2.6
Dodging        | 3 |  3.4
Long Blades    | 3 |  3.9
Fighting       | 3 |  3.6
Armour         | 1 |  1.5
Shields        | 1 |  1.3

Action                   |  1- 3 |  4- 6 || total
-------------------------+-------+-------++-------
Melee: Long sword        |     9 |       ||     9
       Dagger            |   104 |    17 ||   121
Throw: Stone             |       |     1 ||     1
Evoke: Wand              |       |     2 ||     2
Armor: Leather armour    |    39 |     2 ||    41
Dodge: Dodged            |    78 |     9 ||    87
Block: Buckler           |    10 |     3 ||    13

Table legend: (Time is in decaauts)
 A = Elapsed time spent in this place.
 B = Non-inter-level travel time spent in this place.
 C = Inter-level travel time spent in this place.
 D = Time resting spent in this place.
 E = Time spent auto-exploring this place.
 F = Levels seen in this place.
 G = Mean time per level.
                   A        B        C        D        E       F      G
               +--------+--------+--------+--------+--------+-----+--------+
         Total |   2051 |   2051 |      0 |    376 |    877 |   3 |  683.7 |
       Dungeon |   2051 |   2051 |      0 |    376 |    877 |   3 |  683.7 |
               +--------+--------+--------+--------+--------+-----+--------+

Top non-repeatable levels by time:
     D:2: 950 daAuts
     D:1: 797 daAuts
     D:3: 303 daAuts
